 Dungeon Crawl Stone Soup version 0.29-a0-344-ge2f44be95a (webtiles) character file.

Game seed: 17912275498969442732

252768 MashaM the Slayer (level 18, 0/184 HPs)
             Began as a Minotaur Fighter on Apr 22, 2022.
             Was the Champion of Okawaru.
             Killed from afar by an acid blob (30 damage)
             ... with a splash of acid
             ... on level 4 of the Pits of Slime.
             The game lasted 01:20:57 (43724 turns).

MashaM the Slayer (Minotaur Fighter)               Turns: 43724, Time: 01:20:57

Health: 0/184      AC: 30    Str: 39    XL:     18   Next: 97%
Magic:  23/23      EV: 16    Int:  2    God:    Okawaru [******]
Gold:   2664       SH:  9    Dex: 19    Spells: 17/17 levels left

rFire   + + .      SeeInvis +   H - +9 battleaxe (flame)
rCold   . . .      Faith    .   (shield currently unavailable)
rNeg    + + +      Spirit   .   n - +10 plate armour of Okawaru, Usurping {rC- rN+++}
rPois   .          Reflect  +   w - +2 hat {SInv}
rElec   .          Harm     .   a - +0 cloak of Amelioration {rF++ rC+ rN+++ Int-3}
rCorr   .          Rampage  .   U - +2 pair of gloves {Dex+3}
Will    +....                   e - +0 pair of boots "Lipowosch" {Fly}
Stlth   ..........              c - amulet of reflection
HPRegen 0.40/turn               g - +6 ring of strength
MPRegen 0.18/turn               k - +6 ring of dexterity

@: corroded, flying, studying Long Blades
A: horns 2, retaliatory headbutt, talons 1, large bone plates 1, low MP 1,
strong 2
}: 2/15 runes: barnacled, gossamer
a: Renounce Religion, Heroism, Finesse, Duel


You were on level 4 of the Pits of Slime.
You worshipped Okawaru.
Okawaru was exalted by your worship.
You visited 7 branches of the dungeon, and saw 36 of its levels.

You collected 2979 gold pieces.
You spent 315 gold pieces at shops.

Inventory:

Hand Weapons
 C - a +7 battleaxe of protection
 H - a +9 battleaxe of flaming (weapon)
 K - the +11 spear of Quustehaeff {holy, rElec rC+ Dex+2}
   (You found it on level 4 of the Spider Nest)

   It has been blessed by the Shining One to cause great damage to the undead
   and demons.
   Dex:       It affects your dexterity (+2).
   rC:        It protects you from cold.
   rElec:     It insulates you from electricity.
 M - the +5 great mace of Indignation {flame, Will- Str+2 Dex+7 SInv}
   (Okawaru gifted it to you on level 12 of the Dungeon)

   It burns those it strikes, dealing additional fire damage.
   Str:       It affects your strength (+2).
   Dex:       It affects your dexterity (+7).
   SInv:      It lets you see invisible.
   Will:      It decreases your willpower.
 O - the +10 spear of the Wheel {vorpal, Str+4}
   (You found it on level 14 of the Dungeon)

   It inflicts extra damage upon your enemies.
   Str:       It affects your strength (+4).
Missiles
 m - 8 throwing nets (quivered)
Armour
 a - the +0 cloak of Amelioration (worn) {rF++ rC+ rN+++ Int-3}
   (You acquired it on level 5 of the Dungeon)

   Int:       It affects your intelligence (-3).
   rF:        It greatly protects you from fire.
   rC:        It protects you from cold.
   rN:        It renders you almost immune to negative energy.
 d - a +2 kite shield of reflection
 e - the +0 pair of boots "Lipowosch" (worn) {Fly}
   (Okawaru gifted it to you on level 4 of the Shoals)

   Fly:       It grants you flight.
 n - the +10 plate armour of Okawaru, Usurping (worn) {rC- rN+++}
   (Okawaru gifted it to you on level 1 of the Lair of Beasts)

   rC:        It makes you vulnerable to cold.
   rN:        It renders you almost immune to negative energy.
 u - the +0 buckler "Nutyoghi" {Str+4}
   (Okawaru gifted it to you on level 2 of the Orcish Mines)

   Str:       It affects your strength (+4).
 w - a +2 hat of see invisible (worn)
 A - the +0 hat "Aqoiwnumm" {rC++}
   (Okawaru gifted it to you on level 3 of the Lair of Beasts)

   rC:        It greatly protects you from cold.
 D - the +3 gold dragon scales of the Earth {Harm *Slow rPois rF+ rC+ Dex+8 Slay+5}
   (Okawaru gifted it to you on level 6 of the Lair of Beasts)

   Dex:       It affects your dexterity (+8).
   Slay:      It affects your accuracy & damage with ranged weapons and melee
   (+5).
   rF:        It protects you from fire.
   rC:        It protects you from cold.
   rPois:     It protects you from poison.
   *Slow:     It may slow you when you take damage.
   Harm:      It increases damage dealt and taken.
 J - the +5 crystal plate armour "Tacholy" {rCorr Str-2 Int-2 Slay+5}
   (Okawaru gifted it to you on level 13 of the Dungeon)

   Str:       It affects your strength (-2).
   Int:       It affects your intelligence (-2).
   Slay:      It affects your accuracy & damage with ranged weapons and melee
   (+5).
   rCorr:     It protects you from acid and corrosion.
 U - a +2 pair of gloves of dexterity (worn)
Jewellery
 c - an amulet of reflection (around neck)
 g - a +6 ring of strength (left hand)
 k - a +6 ring of dexterity (right hand)
 l - the macabre finger necklace {rN+}
   (You took it off a merfolk impaler on level 4 of the Shoals)

   [amulet of nothing]

   It enables you to equip an extra ring.
   rN:        It protects you from negative energy.
 r - a ring of protection from fire
 x - a ring of willpower
 F - an amulet of guardian spirit
 I - the ring of Vicvimeg {Will- rCorr Int+6 Dex+8}
   (You found it on level 6 of the Lair of Beasts)

   [ring of intelligence]

   Int:       It affects your intelligence (+6).
   Dex:       It affects your dexterity (+8).
   rCorr:     It protects you from acid and corrosion.
   Will:      It decreases your willpower.
 L - a ring of positive energy
Wands
 B - a wand of paralysis (3)
 P - a wand of mindburst (7)
Scrolls
 b - 11 scrolls of teleportation
 h - 19 scrolls of identify
 o - a scroll of holy word
 q - 5 scrolls of fear
 s - 11 scrolls of fog
 y - 6 scrolls of magic mapping
 z - a scroll of brand weapon
 G - 5 scrolls of blinking
 S - a scroll of amnesia
Potions
 f - 11 potions of curing
 i - 3 potions of cancellation
 j - 9 potions of mutation
 p - 5 potions of heal wounds
 t - 9 potions of ambrosia
 v - 3 potions of flight
 E - 3 potions of haste
 N - a potion of invisibility
 R - 4 potions of might
 V - a potion of brilliance
Miscellaneous
 Q - a piece from Xom's chessboard (15/15)
 T - a piece from Xom's chessboard (15/15)


   Skills:
 + Level 22.2 Fighting
 - Level 21.7(22.2) Axes
 + Level 8.2(16.2) Polearms
 + Level 19.4 Armour
 + Level 10.8 Dodging
 - Level 3.6 Shields
 + Level 13.0 Invocations


You had 17 spell levels left.
You didn't know any spells.
Your spell library contained the following spells:

 Spells                   Type           Power      Damage    Failure   Level
 Apportation              Tloc           0%         N/A       90%         1
 Beastly Appendage        Tmut           0%         N/A       90%         1
 Magic Dart               Conj           0%         1d3       90%         1
 Pain                     Necr           0%         1d4       90%         1
 Sandblast                Erth           0%         2d4       90%         1
 Slow                     Hex            0%         N/A       90%         1
 Passwall                 Tmut/Erth      0%         N/A       97%         2
 Scorch                   Fire           0%         2d5       97%         2
 Searing Ray              Conj           0%         2d4       97%         2
 Wereblood                Tmut           0%         N/A       97%         2
 Confusing Touch          Hex            0%         N/A       99%         3
 Dazzling Flash           Conj/Hex       0%         N/A       99%         3
 Frozen Ramparts          Ice            0%         1d2       99%         3
 Spider Form              Tmut/Pois      0%         N/A       99%         3
 Vampiric Draining        Necr           0%         2d6       99%         3
 Anguish                  Hex/Necr       0%         N/A       100%        4
 Flame Wave               Conj/Fire      0%         2d4       100%        4
 Fulminant Prism          Conj/Hex       0%         3d6       100%        4
 Ice Form                 Ice/Tmut       0%         N/A       100%        4
 Iskenderun's Mystic Bla  Conj/Tloc      0%         2d3       100%        4
 Leda's Liquefaction      Hex/Erth       0%         N/A       100%        4
 Passage of Golubria      Tloc           0%         N/A       100%        4
 Agony                    Necr           0%         N/A       100%        5
 Borgnjor's Vile Clutch   Necr/Erth      0%         N/A       100%        5
 Excruciating Wounds      Necr           0%         N/A       100%        5
 Silence                  Hex/Air        0%         N/A       100%        5
 Yara's Violent Unravell  Hex/Tmut       0%         3d3       100%        5
 Iron Shot                Conj/Erth      0%         9d1       100%        6
 Starburst                Conj/Fire      0%         6d3       100%        6
 Statue Form              Tmut/Erth      0%         N/A       100%        6
 Enfeeble                 Hex            0%         N/A       100%        7
 Animate Skeleton         Necr           Unusable   N/A       N/A         1
 Summon Small Mammal      Summ           Unusable   N/A       N/A         1
 Tukima's Dance           Hex            Unusable   N/A       N/A         3
 Animate Dead             Necr           Unusable   N/A       N/A         4
 Summon Ice Beast         Ice/Summ       Unusable   N/A       N/A         4
 Death Channel            Necr           Unusable   N/A       N/A         6
 Summon Cactus Giant      Summ           Unusable   N/A       N/A         6

Dungeon Overview and Level Annotations

Branches:
Dungeon (15/15)            Temple (1/1) D:4            Lair (6/6) D:8
 Shoals (4/4) Lair:3       Spider (4/4) Lair:2        Slime (4/5) Lair:6
    Orc (2/2) D:11            Elf (0/3) Orc:2        Vaults (0/5) D:14
 Depths (0/4) D:15

Altars:
Ashenzari
Cheibriados
Dithmenos
Elyvilon
Fedhas
Gozag
Hepliaklqana
Kikubaaqudgha
Makhleb
Nemelex Xobeh
Okawaru
Qazlal
Ru
Sif Muna
Trog
Uskayaw
Vehumet
Wu Jian
Xom
Yredelemnul
Zin
The Shining One
Beogh

Shops:
Orc:2 ?*[=


Innate Abilities, Weirdness & Mutations

You have a pair of horns on your head.
You reflexively headbutt those who attack you in melee.
You have sharp toenails.
You are partially covered in large bone plates. (SH +4)
Your magical capacity is low. (-10% MP)
Your muscles are very strong. (Str +4)


Message History

You slice the large slime creature!! You burn the large slime creature.
You kill the large slime creature!
Okawaru accepts your kill.
You slice the slime creature!! You burn the slime creature.
The slime creature is heavily wounded.
You slice the slime creature!! You burn the slime creature!
You kill the slime creature!
Okawaru accepts your kill.
You start resting.
An acid blob comes into view.
An acid blob is nearby!
The acid blob quivers.
The acid blob spits acid at you. The splash of acid hits you!!
The acid blob spits acid at you.
The splash of acid hits you but does no damage.
The acid corrodes you! The acid blob spits acid at you.
The splash of acid hits you!!
* * * LOW HITPOINT WARNING * * *
The acid corrodes you! The acid blob spits acid at you.
The splash of acid hits you but does no damage.
The acid blob spits acid at you. The splash of acid hits you!
* * * LOW HITPOINT WARNING * * *
You feel much better. The acid blob hits you!!
* * * LOW HITPOINT WARNING * * *
You are splashed with acid!
* * * LOW HITPOINT WARNING * * *
You feel much better. The acid blob hits you.
* * * LOW HITPOINT WARNING * * *
You are splashed with acid.
* * * LOW HITPOINT WARNING * * *
You hit the acid blob but do no damage.
Your hands burn!
* * * LOW HITPOINT WARNING * * *
An acid blob comes into view.
The acid blob spits acid at you. The splash of acid hits you!!
You die...

##.###.########
..#..#...#....##
#............#.#
...............##
................###
.....#....#.....#.#
...# #...#.#.....###
.. #...##......#.#
#.@.#####.....#
#..J...##....###
#.....#.#......#
J...>.........#.#
###.....####.....#
#.....# #......#####
#.#..## #......#...#
##...##.#....#.#....
#.......#.....#


You could see 2 acid blobs.

Vanquished Creatures
  Bai Suzhen (Shoals:4)
  Mlioglotl (Spider:2)
  2 acid blobs
  Polyphemus (Shoals:2)
  Gastronok (Lair:2)
  Donald (Orc:2)
  Ilsuiw (Shoals:3)
  7 azure jellies
  Roxanne (Shoals:2)
  7 ghost moths
  Aizul (Spider:2)
  8 emperor scorpions
  3 broodmothers
  2 quicksilver oozes (Slime:1)
  4 entropy weavers
  Azrael (Orc:2)
  7 dire elephants (Lair:6)
  4 spark wasps
  9 merfolk impalers
  4 merfolk javelineers
  Snorg (Lair:6)
  Josephine (Lair:5)
  3 great orbs of eyes
  2 fire dragons
  An ice dragon (D:15)
  4 merfolk aquamancers
  Harold (D:10)
  9 boulder beetles
  A catoblepas (Shoals:2)
  7 centaur warriors
  4 jorogumos
  9 hydras
  An alligator (Lair:6)
  A death knight (D:14)
  An alligator snapping turtle (Shoals:3)
  4 two-headed ogres
  A satyr (Shoals:3)
  3 death yaks
  3 tengu warriors
  Amaemon (Lair:1)
  A sun moth (Spider:4)
  A fire crab (shapeshifter) (D:14)
  2 spectral death yaks (Lair:6)
  Sonja (D:10)
  6 pharaoh ants
  4 skeletal warriors (D:13)
  A spectral anaconda (Lair:6)
  An iron troll (D:14)
  4 sea snakes
  17 orb spiders
  An obsidian statue (Lair:6)
  5 steelbarb worms
  8 harpies
  A wizard (D:14)
  3 necromancers (Lair:6)
  A deep elf pyromancer (D:8)
  5 orc knights
  2 ugly things
  6 cyclopes
  22 fauns
  5 moths of wrath
  4 oklob plants
  A salamander (shapeshifter) (D:14)
  24 wolf spiders
  An orc sorcerer (Orc:2)
  A shining eye (Slime:2)
  A cyclops (shapeshifter) (D:15)
  20 elephants
  12 merfolk sirens
  17 manticores
  2 eyes of devastation
  A gargoyle (D:10)
  7 black mambas
  6 water nymphs
  9 torpor snails
  A dire elephant skeleton (Lair:6)
  11 cane toads
  An orange demon (Lair:1)
  2 demonic crawlers
  4 rime drakes
  10 komodo dragons
  2 kobold demonologists (D:9)
  A freezing wraith (D:14)
  4 polar bears
  7 trolls
  26 merfolk
  43 tarantellas
  5 hornets
  5 wind drakes
  57 slime creatures
  15 snapping turtles
  10 blink frogs
  A spectral elephant (Lair:6)
  16 dream sheep
  47 jumping spiders
  11 water elementals
  A vampire (D:8)
  A centaur simulacrum (D:15)
  6 wraiths
  34 culicivoras
  2 shadows
  4 wyverns
  4 fire elementals (Orc:2)
  47 yaks
  3 steam dragons
  4 basilisks
  Edmund (D:4)
  3 swamp worms (Lair:2)
  15 vampire mosquitoes
  58 redbacks
  2 spectral cane toads (Lair:6)
  2 wargs
  2 acid dragons
  A floating eye (Slime:4)
  A hell hound (Orc:2)
  12 water moccasins
  29 orc warriors
  5 sky beasts
  2 black bears
  An ice beast (D:6)
  An elephant zombie (Lair:6)
  3 ogres
  12 wolves
  25 centaurs
  An elephant skeleton (Lair:6)
  2 phantoms (D:11)
  3 kobold brigands
  A gnoll sergeant (D:11)
  11 bullfrogs
  2 necrophages
  A cane toad simulacrum (Lair:6)
  11 wights
  2 scorpions
  A troll zombie (D:11)
  12 killer bees (D:9)
  2 elephant simulacra (Lair:6)
  A howler monkey (D:6)
  8 orc priests
  3 hounds
  A gnoll shaman (D:7)
  2 iguanas
  Jessica (D:2)
  Natasha (D:2)
  14 orc wizards
  5 ogre zombies (D:11)
  Robin (D:3)
  10 adders
  14 gnolls
  A white imp (D:8)
  An ufetubus (D:6)
  A worm (D:2)
  7 dart slugs
  71 orcs
  11 endoplasms
  A giant cockroach (D:2)
  15 goblins
  10 hobgoblins
  4 quokkas
  6 ball pythons
  4 bats
  5 frilled lizards
  A goblin skeleton (D:11)
  2 goblin zombies (D:11)
  A hobgoblin skeleton (D:11)
  A hobgoblin zombie (D:11)
  17 kobolds
  2 orc skeletons (D:11)
  12 orc zombies (D:11)
  3 rats
  A fungus (Lair:5)
1174 creatures vanquished.

Vanquished Creatures (others)
  17 fungi
  193 plants
  24 withered plants (Lair:6)
234 creatures vanquished.

Grand Total: 1408 creatures vanquished

Notes
Turn   | Place    | Note
-------+----------+-------------------------------------------
     0 | D:1      | MashaM the Minotaur Fighter began the quest for the Orb.
     0 | D:1      | Reached XP level 1. HP: 19/19 MP: 0/0
   224 | D:1      | Reached XP level 2. HP: 22/27 MP: 1/1
   928 | D:2      | Reached skill level 4 in Fighting
   937 | D:2      | Reached XP level 3. HP: 29/33 MP: 2/2
  1028 | D:2      | Reached XP level 4. HP: 41/41 MP: 3/3
  1083 | D:2      | Found a faded altar of an unknown god.
  1200 | D:2      | Noticed Jessica
  1204 | D:2      | Killed Jessica
  1297 | D:2      | Noticed Natasha
  1304 | D:2      | Killed Natasha
  1480 | D:2      | Reached XP level 5. HP: 47/47 MP: 4/4
  1641 | D:3      | Reached skill level 5 in Axes
  1664 | D:3      | Noticed Robin
  1670 | D:3      | Killed Robin
  1672 | D:3      | Reached skill level 5 in Fighting
  1676 | D:3      | Reached skill level 5 in Armour
  2125 | D:3      | Reached XP level 6. HP: 46/56 MP: 5/5
  2550 | D:4      | Found a staircase to the Ecumenical Temple.
  2593 | D:4      | Noticed Edmund
  2604 | D:4      | Killed Edmund
  2605 | D:4      | Reached XP level 7. HP: 33/62 MP: 6/6
  2662 | Temple   | Entered the Ecumenical Temple
  2854 | Temple   | Became a worshipper of Warmaster Okawaru
  3612 | D:5      | Entered Level 5 of the Dungeon
  3727 | D:5      | Reached skill level 6 in Fighting
  3886 | D:5      | Reached * piety under Okawaru
  3889 | D:5      | Reached XP level 8. HP: 14/71 MP: 7/7
  4309 | D:5      | Identified a scroll of acquirement
  4309 | D:5      | Acquired the +0 cloak of Amelioration {rF++ rC+ rN+++
                  | Int-3}
  4450 | D:6      | Reached skill level 7 in Fighting
  4582 | D:6      | Reached ** piety under Okawaru
  4862 | D:6      | Reached skill level 10 in Axes
  5107 | D:6      | Gained mutation: You are partially covered in large bone
                  | plates. (SH +4) [potion of mutation]
  5107 | D:6      | Gained mutation: Your muscles are strong. (Str +2) [potion
                  | of mutation]
  5107 | D:6      | Gained mutation: Your muscles are very strong. (Str +4)
                  | [potion of mutation]
  5107 | D:6      | Gained mutation: You have sharp toenails. [potion of
                  | mutation]
  5319 | D:7      | Reached XP level 9. HP: 81/81 MP: 8/8
  5440 | D:7      | Reached skill level 8 in Fighting
  5552 | D:7      | Reached *** piety under Okawaru
  6098 | D:8      | Reached skill level 9 in Fighting
  6124 | D:8      | Noticed a deep elf pyromancer
  6129 | D:8      | Killed a deep elf pyromancer
  6129 | D:8      | Reached **** piety under Okawaru
  6196 | D:8      | Noticed a two-headed ogre
  6204 | D:8      | Killed a two-headed ogre
  6205 | D:8      | Reached XP level 10. HP: 89/91 MP: 9/9
  6420 | D:8      | Found a staircase to the Lair.
  6733 | D:8      | Identified the +5 hunting sling of the Crypt {vorpal, rC+
                  | Will+ Str-3 SInv}
  6841 | D:9      | Noticed a cyclops
  6849 | D:9      | Killed a cyclops
  6849 | D:9      | Received a gift from Okawaru
  6871 | D:9      | Reached skill level 10 in Armour
  7080 | D:8      | Acquired a +1 broad axe of flaming
  7087 | D:9      | Reached skill level 10 in Fighting
  7112 | D:9      | Reached ***** piety under Okawaru
  7116 | D:9      | Noticed a tengu warrior
  7135 | D:9      | Killed a tengu warrior
  7336 | D:9      | Noticed a six-headed hydra
  7345 | D:9      | Killed a three-headed hydra
  7346 | D:9      | Reached XP level 11. HP: 46/101 MP: 10/10
  7625 | D:9      | Noticed a purple ugly thing
  7636 | D:9      | Killed a purple ugly thing
  7637 | D:9      | Reached skill level 11 in Fighting
  7721 | D:9      | Noticed a two-headed ogre
  7726 | D:9      | Killed a two-headed ogre
  7829 | D:9      | Identified the +5 scale mail "Yriyckut" {Harm} (Okawaru
                  | gifted it to you on level 9 of the Dungeon)
  7829 | D:9      | Received a gift from Okawaru
  8021 | D:10     | Entered Level 10 of the Dungeon
  8021 | D:10     | Noticed Harold
  8026 | D:10     | Reached skill level 15 in Axes
  8031 | D:10     | Killed Harold
  8348 | D:10     | Noticed Sonja
  8370 | D:10     | Killed Sonja
  8888 | D:10     | Found a white marble altar of Elyvilon.
  9245 | Lair:1   | Entered Level 1 of the Lair of Beasts
  9248 | Lair:1   | Reached skill level 12 in Fighting
  9555 | Lair:1   | Reached ****** piety under Okawaru
  9601 | Lair:1   | Noticed an eight-headed hydra
  9608 | Lair:1   | Killed an 11-headed hydra
  9609 | Lair:1   | Reached XP level 12. HP: 77/113 MP: 11/11
  9753 | Lair:1   | Identified the +10 plate armour of Okawaru, Usurping {rC-
                  | rN+++} (Okawaru gifted it to you on level 1 of the Lair of
                  | Beasts)
  9753 | Lair:1   | Received a gift from Okawaru
  9824 | Lair:1   | Noticed Amaemon
  9837 | Lair:1   | Killed Amaemon
 10836 | Lair:2   | Noticed Gastronok
 10848 | Lair:2   | Killed Gastronok
 10865 | Lair:2   | You fall into a shaft and drop 1 floor!
 10913 | Lair:3   | Reached skill level 13 in Fighting
 11014 | Lair:3   | Reached skill level 1 in Invocations
 11378 | Lair:3   | Identified the +0 hat "Aqoiwnumm" {rC++} (Okawaru gifted it
                  | to you on level 3 of the Lair of Beasts)
 11378 | Lair:3   | Received a gift from Okawaru
 11447 | Lair:3   | Found a staircase to the Shoals.
 12514 | Lair:2   | Found a hole to the Spider Nest.
 13211 | Lair:4   | Reached XP level 13. HP: 100/122 MP: 14/14
 14579 | Lair:5   | Reached skill level 14 in Fighting
 14766 | Lair:5   | Received a gift from Okawaru
 14826 | Lair:5   | Noticed Josephine
 14832 | Lair:5   | Killed Josephine
 14867 | Lair:5   | Reached skill level 5 in Invocations
 15529 | Lair:6   | Entered Level 6 of the Lair of Beasts
 15534 | Lair:6   | Identified the +3 gold dragon scales of the Earth {Harm
                  | *Slow rPois rF+ rC+ Dex+8 Slay+5} (Okawaru gifted it to you
                  | on level 6 of the Lair of Beasts)
 15534 | Lair:6   | Received a gift from Okawaru
 15754 | Lair:6   | Identified the ring of Vicvimeg {Will- rCorr Int+6 Dex+8}
 15889 | Lair:6   | Noticed Snorg
 15894 | Lair:6   | Killed Snorg
 15908 | Lair:6   | Reached XP level 14. HP: 125/133 MP: 17/17
 16324 | Lair:6   | Found a snail-covered altar of Cheibriados.
 16568 | Lair:6   | Received a gift from Okawaru
 16918 | Lair:6   | Reached skill level 15 in Fighting
 16922 | Lair:6   | Reached skill level 15 in Armour
 16944 | Lair:6   | Received a gift from Okawaru
 17778 | Lair:6   | Found a staircase to the Slime Pits.
 18661 | D:11     | Found a staircase to the Orcish Mines.
 18994 | D:11     | Found a blossoming altar of Fedhas.
 20217 | D:12     | Identified the +5 great mace of Indignation {flame, Will-
                  | Str+2 Dex+7 SInv} (Okawaru gifted it to you on level 12 of
                  | the Dungeon)
 20217 | D:12     | Received a gift from Okawaru
 20930 | D:13     | Reached XP level 15. HP: 124/143 MP: 18/20
 21305 | D:13     | Identified the +5 crystal plate armour "Tacholy" {rCorr
                  | Str-2 Int-2 Slay+5} (Okawaru gifted it to you on level 13
                  | of the Dungeon)
 21305 | D:13     | Received a gift from Okawaru
 21691 | D:14     | Reached skill level 16 in Fighting
 21874 | D:14     | Found a gate to the Vaults.
 22408 | D:14     | Found a shimmering altar of Xom.
 22978 | D:14     | Identified the +10 spear of the Wheel {vorpal, Str+4}
 23005 | D:15     | Entered Level 15 of the Dungeon
 23204 | D:15     | Found a stormy altar of Qazlal.
 23351 | D:15     | Reached skill level 1 in Dodging
 23376 | D:15     | Found a staircase to the Depths.
 23477 | D:15     | Found a gate leading to a gauntlet.
 23797 | Orc:1    | Entered Level 1 of the Orcish Mines
 24015 | Orc:2    | Entered Level 2 of the Orcish Mines
 24083 | Orc:2    | Noticed Azrael
 24087 | Orc:2    | Noticed Donald
 24099 | Orc:2    | Killed Azrael
 24320 | Orc:2    | Killed Donald
 24562 | Orc:2    | Identified the +0 buckler "Nutyoghi" {Str+4} (Okawaru
                  | gifted it to you on level 2 of the Orcish Mines)
 24562 | Orc:2    | Received a gift from Okawaru
 24787 | Orc:2    | Found a staircase to the Elven Halls.
 24844 | Orc:2    | Reached skill level 17 in Fighting
 25126 | Orc:2    | Found Xisanod's Armour Shop.
 25126 | Orc:2    | Found Caklymus's General Store.
 25128 | Orc:2    | Found Diucuojo's Magic Scroll Shoppe.
 25130 | Orc:2    | Found Zuawnisa's Jewellery Boutique.
 25135 | Orc:2    | Bought a scroll of blinking for 105 gold pieces
 25137 | Orc:2    | Bought a scroll of blinking for 105 gold pieces
 25137 | Orc:2    | Bought a scroll of blinking for 105 gold pieces
 25577 | Shoals:1 | Entered Level 1 of the Shoals
 25710 | Spider:1 | Entered Level 1 of the Spider Nest
 26231 | Spider:1 | Noticed an emperor scorpion
 26240 | Spider:1 | Killed an emperor scorpion
 26596 | Spider:1 | Reached XP level 16. HP: 100/155 MP: 22/22
 27552 | Spider:2 | Noticed Aizul
 27558 | Spider:2 | Reached skill level 5 in Dodging
 27564 | Spider:2 | Killed Aizul
 27788 | Spider:2 | Received a gift from Okawaru
 27789 | Spider:2 | Reached skill level 18 in Fighting
 27851 | Spider:2 | Reached skill level 10 in Invocations
 28368 | Spider:2 | Noticed Mlioglotl
 28378 | Spider:2 | Killed Mlioglotl
 29767 | Spider:3 | Reached skill level 19 in Fighting
 31129 | Spider:4 | Entered Level 4 of the Spider Nest
 31247 | Spider:4 | Received a gift from Okawaru
 31689 | Spider:4 | Reached XP level 17. HP: 153/168 MP: 15/24
 31758 | Spider:4 | Identified the +9 plate armour of the Stone Wall {-Cast
                  | Rampage +Inv rC+} (Okawaru gifted it to you on level 4 of
                  | the Spider Nest)
 31758 | Spider:4 | Received a gift from Okawaru
 31930 | Spider:4 | Identified the +11 spear of Quustehaeff {holy, rElec rC+
                  | Dex+2}
 32044 | Spider:4 | Reached skill level 1 in Polearms
 32599 | Spider:4 | Reached skill level 20 in Fighting
 33453 | Spider:4 | Received a gift from Okawaru
 33756 | Spider:4 | Got a gossamer rune of Zot
 34017 | Shoals:1 | Found a runed translucent door.
 35178 | Shoals:2 | Reached skill level 5 in Polearms
 35302 | Shoals:2 | Noticed Polyphemus
 35328 | Shoals:2 | Killed Polyphemus
 35585 | Shoals:2 | Identified Roxanne's Compendium of Earth
 35585 | Shoals:2 | Noticed Roxanne
 35598 | Shoals:2 | Killed Roxanne
 36063 | Shoals:3 | Noticed Ilsuiw
 36075 | Shoals:3 | Killed Ilsuiw
 36088 | Shoals:3 | Reached XP level 18. HP: 21/180 MP: 26/26
 36512 | Shoals:3 | Reached skill level 21 in Fighting
 37626 | Shoals:4 | Entered Level 4 of the Shoals
 37671 | Shoals:4 | Identified the +0 pair of boots "Lipowosch" {Fly} (Okawaru
                  | gifted it to you on level 4 of the Shoals)
 37671 | Shoals:4 | Received a gift from Okawaru
 38517 | Shoals:4 | Reached skill level 10 in Dodging
 38913 | Shoals:4 | Noticed Bai Suzhen
 38934 | Shoals:4 | Killed Bai Suzhen
 39328 | Shoals:4 | Got a barnacled rune of Zot
 40678 | Slime:1  | Entered Level 1 of the Pits of Slime
 41807 | Slime:2  | Gained mutation: Your magical capacity is low. (-10% MP) [a
                  | shining eye]
 42275 | Slime:3  | Reached skill level 22 in Fighting
 42612 | Slime:3  | Identified the -7 pair of gloves of Trial and Error {rN+
                  | Str+3 Int+3} (Okawaru gifted it to you on level 3 of the
                  | Pits of Slime)
 42612 | Slime:3  | Received a gift from Okawaru
 43699 | Slime:4  | Paralysed by a floating eye for 2 turns
 43724 | Slime:4  | Killed from afar by an acid blob

Illustrated notes

Levels and vault maps discovered:
D:1:      dpeg_arrival_three_bigger_balls, layout_basic, minivault_5,
          minmay_misc_feat_secret_circle
D:2:      layout_basic, hellmonk_ecumenical_altar_zigzags, minmay_pentomino_x4,
          uniq_natasha, uniq_jessica
D:3:      layout_rooms, uniq_robin
D:4:      layout_gridville, minmay_temple_entry_trees, uniq_edmund
D:5:      layout_cave_pools
D:6:      layout_cave_pools
D:7:      layout_loops_cross, dreamdust_gnoll_shepherd
D:8:      layout_basic, lair_entry_dummy, hangedman_abyss_or_decor_stagger,
          hangedman_decor_lopped
D:9:      minmay_curly_fans, layout_gridville, special_room [special_room_orc],
          chequers_hall_statues_corner_a
D:10:     layout_roguey, nicolae_elyvilon_peaceful_grove,
          nicolae_figureground_sparkle, uniq_harold, uniq_sonja
D:11:     layout_stronghold, zombieorc1_lemuel, fedhas_altar_3
D:12:     layout_stronghold
D:13:     layout_loops_ring
D:14:     layout_layer_cave, david_vaults_4, xom_teletrap_fun
D:15:     grunt_enter_depths_hoard, layout_basic, gauntlet_entry_generic,
          nicolae_qazlal_general_emergency
Temple:   minmay_crystal_snake_temple
Lair:1:   layout_long_grid, st_stairs_3, lemuel_fruit_fields,
          grunt_megastairs_5, uniq_amaemon
Lair:2:   layout_cave_shapes, nicolae_spider_entry_tight_spaces, worms_lemuel,
          grunt_megastairs_3, uniq_gastronok
Lair:3:   layout_cave_pods, minmay_shoals_entry_lonely_mermaid
Lair:4:   layout_cave_pods, grunt_megastairs_1
Lair:5:   layout_small_grid, grunt_megastairs_4, lemuel_fruit_tree,
          uniq_josephine
Lair:6:   due_jungle_book, layout_regular_city,
          minmay_slime_entry_oklob_enclosed, basic_altar,
          minmay_shattered_shrine, uniq_snorg
Shoals:1: layout_shoals, lightli_airlock
Shoals:2: layout_shoals, uniq_roxanne, uniq_polyphemus
Shoals:3: layout_shoals, uniq_ilsuiw
Shoals:4: shoals_end_grunt_garden, layout_shoals, uniq_bai_suzhen
Spider:1: layout_cave_pods
Spider:2: layout_cave_pods, uniq_aizul, uniq_mlioglotl
Spider:3: layout_chambers
Spider:4: spider_rune_water, nicolae_spider_orb_run
Slime:1:  layout_caves
Slime:2:  layout_caves
Slime:3:  layout_caves
Slime:4:  layout_caves, basic_altar, nicolae_slime_round_cave
Orc:1:    layout_diamond_mine, serial_shops, nicolae_shop_hallway_plus
Orc:2:    st_orc_rangers, layout_caves, basic_altar, uniq_azrael, uniq_donald

Skill      XL: |  1  2  3  4  5  6  7  8  9 10 11 12 13 14 15 16 17 18 |
---------------+-------------------------------------------------------+-----
Axes           | 3 4 5 6 8 10 12 14 16 18 19 21 | 21.7
Fighting       | 4 5 6 7 9 10 12 13 14 15 17 19 20 22 | 22.2
Armour         | 4 5 6 7 9 10 12 13 14 15 16 17 18 19 | 19.4
Invocations    | 3 6 8 9 11 12 13 | 13.0
Dodging        | 4 7 9 10 | 10.8
Polearms       | 5 8 |  8.2
Shields        | |  3.6

Action                   |  1- 3 |  4- 6 |  7- 9 | 10-12 | 13-15 | 16-18 || total
-------------------------+-------+-------+-------+-------+-------+-------++-------
Melee: War axe           |    48 |   117 |    51 |       |       |       ||   216
       Headbutt          |     7 |    16 |    18 |    62 |   176 |   246 ||   525
       Battleaxe         |       |       |   113 |   376 |   776 |  1092 ||  2357
       Kick              |       |       |    15 |   120 |   272 |   245 ||   652
       Broad axe         |       |       |       |     4 |       |       ||     4
Invok: Heroism           |       |       |       |       |     1 |       ||     1
  Use: Potion            |       |     1 |    10 |     3 |     5 |    12 ||    31
       Scroll            |       |       |    15 |     6 |    13 |     4 ||    38
Armor: Scale mail        |    24 |    48 |       |       |       |       ||    72
       Plate armour      |       |    39 |    85 |   245 |   475 |   621 ||  1465
Dodge: Dodged            |    14 |    42 |    52 |   136 |   243 |   571 ||  1058
Block: Buckler           |    15 |    37 |     7 |       |       |       ||    59
       Other             |       |       |    29 |   166 |   317 |   393 ||   905
       Reflection        |       |       |     1 |     6 |    59 |    22 ||    88

Table legend: (Time is in decaauts)
 A = Elapsed time spent in this place.
 B = Non-inter-level travel time spent in this place.
 C = Inter-level travel time spent in this place.
 D = Time resting spent in this place.
 E = Time spent auto-exploring this place.
 F = Levels seen in this place.
 G = Mean time per level.
                   A        B        C        D        E       F      G
               +--------+--------+--------+--------+--------+-----+--------+
         Total |  43515 |  42471 |   1044 |   6367 |  29176 |  36 | 1208.8 |
       Dungeon |  14620 |  14365 |    255 |    902 |  10941 |  15 |  974.7 |
        Temple |    303 |    303 |      0 |      0 |    234 |   1 |  303.0 |
          Lair |   9386 |   8786 |    600 |   1275 |   6310 |   6 | 1564.3 |
        Shoals |   6608 |   6552 |     56 |   1418 |   3979 |   4 | 1652.0 |
   Spider Nest |   8050 |   7958 |     92 |   1034 |   5633 |   4 | 2012.5 |
    Slime Pits |   2993 |   2993 |      0 |   1540 |   1149 |   4 |  748.2 |
  Orcish Mines |   1553 |   1515 |     38 |    197 |    928 |   2 |  776.5 |
               +--------+--------+--------+--------+--------+-----+--------+

Top non-repeatable levels by time:
Spider:3: 2658 daAuts
  Lair:6: 2613 daAuts
Shoals:4: 2274 daAuts
Spider:4: 2266 daAuts
Shoals:3: 1901 daAuts
Spider:1: 1818 daAuts
  Lair:1: 1612 daAuts
  Lair:2: 1463 daAuts
  Lair:4: 1455 daAuts
Shoals:2: 1422 daAuts
    D:14: 1344 daAuts
    D:12: 1329 daAuts
Spider:2: 1307 daAuts
    D:10: 1289 daAuts
  Lair:3: 1267 daAuts
